 Dungeon Crawl Stone Soup version 0.26-a0-652-gafc20e3620 (webtiles) character file.

Game seed: 13645184737194766950

56 serch the Shield-Bearer (level 3, -5/33 HPs)
             Began as a Minotaur Fighter on Oct 4, 2020.
             Slain by Sigmund
             ... wielding a +0 scythe
              (9 damage)
             ... on level 2 of the Dungeon on Apr 11, 2022.
             The game lasted 00:07:24 (1116 turns).

serch the Shield-Bearer (Minotaur Fighter)          Turns: 1116, Time: 00:07:24

Health: -5/33      AC:  8    Str: 21    XL:     3   Next: 71%
Magic:  2/2        EV:  7    Int:  5    God:
Gold:   77         SH:  9    Dex:  9    Spells: 2/2 levels left

rFire    . . .     SeeInvis .   a - +0 flail
rCold    . . .     Faith    .   c - +0 kite shield
rNeg     . . .     Spirit   .   b - +0 scale mail
rPois    .         Reflect  .   (helmet restricted)
rElec    .         Harm     .   n - +0 cloak
rCorr    .         Rampage  .   (no gloves)
MR       .....                  (no boots)
Stlth    ..........             (no amulet)
HPRegen  0.11/turn              (no ring)
MPRegen  0.08/turn              (no ring)

@: no status effects
A: retaliatory headbutt, horns 2
a: no special abilities


You were on level 2 of the Dungeon.
You visited 1 branch of the dungeon, and saw 2 of its levels.

You collected 77 gold pieces.

Inventory:

Hand Weapons
 a - a +0 flail (weapon)
Missiles
 h - 11 arrows
Armour
 b - a +0 scale mail (worn)
 c - a +0 kite shield (worn)
 n - a +0 cloak (worn)
Scrolls
 f - 2 scrolls of remove curse {unknown}
 i - a scroll of amnesia {unknown}
 j - a scroll of enchant armour {unknown}
 m - a scroll of teleportation {unknown}
Potions
 d - a potion of might
 e - a potion of cancellation {unknown}
 g - 2 potions of ambrosia {unknown}
 k - a potion of haste {unknown}
 l - a potion of heal wounds {unknown}


   Skills:
 + Level 4.2 Fighting
 + Level 3.1 Maces & Flails
 + Level 4.2 Armour
 + Level 0.4 Dodging
 + Level 4.2 Shields


You had 2 spell levels left.
You didn't know any spells.
Your spell library was empty.

Dungeon Overview and Level Annotations

Branches:
Dungeon (2/15)

Altars:

Annotations:
D:2 Sigmund


Innate Abilities, Weirdness & Mutations

You reflexively headbutt those who attack you in melee.
You have a pair of horns on your head.


Message History

You are too injured to fight recklessly!
You are too injured to fight recklessly!
Unknown command.
You are too injured to fight recklessly!
You are too injured to fight recklessly!
You are too injured to fight recklessly!
You sock the goblin!
You kill the goblin!
Sigmund hits you from afar with a +0 scythe!
* * * LOW HITPOINT WARNING * * *
You now have 77 gold pieces (gained 8).
Sigmund hits you but does no damage.
You see here a frilled lizard corpse.
You are too injured to fight recklessly!
You are too injured to fight recklessly!
Sigmund hits you from afar with a +0 scythe.
* * * LOW HITPOINT WARNING * * *
You block the worm's attack.
You completely miss the worm.
Sigmund hits you from afar with a +0 scythe!
You die...

##########.#######
#>...........)....
#.#.######.#######
#.#......<.# #
#.#.####...# #
#.#.##<....#######
#..).......[....(.
#.#........#######
#@#######....>....
####w###
##########
#....@.# #
#......# #......#
####+##)......
....... .......
.......


You could see Sigmund and a worm.

Vanquished Creatures
  An adder (D:2)
  An ooze (D:1)
  3 worms (D:2)
  A ball python (D:2)
  7 goblins
  7 hobgoblins
  3 jackals (D:1)
  A quokka (D:2)
  3 frilled lizards
  2 kobolds
  3 rats
32 creatures vanquished.

Notes
Turn   | Place    | Note
-------+----------+-------------------------------------------
     0 | D:1      | serch the Minotaur Fighter began the quest for the Orb.
     0 | D:1      | Reached XP level 1. HP: 19/19 MP: 0/0
   143 | D:1      | Reached XP level 2. HP: 27/27 MP: 1/1
   915 | D:2      | Reached XP level 3. HP: 30/33 MP: 2/2
  1097 | D:2      | Noticed Sigmund
  1116 | D:2      | Slain by Sigmund

Illustrated notes

Levels and vault maps discovered:
D:1:      wander_arrival_abandoned_jail, layout_basic, item_on_display_a
D:2:      layout_basic, uniq_sigmund, uniq_natasha, uniq_robin

Skill      XL: |  1  2  3 |
---------------+----------+-----
Fighting       | 4 |  4.2
Shields        | 4 |  4.2
Armour         | 4 |  4.2
Maces & Flails | 3 |  3.1
Dodging        | |  0.4

Action                   || total
-------------------------++-------
Melee: Flail             ||    81
       Headbutt          ||    11
Armor: Scale mail        ||    29
Dodge: Dodged            ||    30
Block: Kite shield       ||    43

Table legend: (Time is in decaauts)
 A = Elapsed time spent in this place.
 B = Non-inter-level travel time spent in this place.
 C = Inter-level travel time spent in this place.
 D = Time resting spent in this place.
 E = Time spent auto-exploring this place.
 F = Levels seen in this place.
 G = Mean time per level.
                   A        B        C        D        E       F      G
               +--------+--------+--------+--------+--------+-----+--------+
         Total |   1142 |    971 |    171 |      0 |    728 |   2 |  571.0 |
       Dungeon |   1142 |    971 |    171 |      0 |    728 |   2 |  571.0 |
               +--------+--------+--------+--------+--------+-----+--------+

Top non-repeatable levels by time:
     D:1: 910 daAuts
     D:2: 231 daAuts
